 Dungeon Crawl Stone Soup version 0.23.2 (webtiles) character file.

Game seed: 7873050755901200090

48 Borgoz the Ducker (level 3, -1/30 HPs)
             Began as a Ghoul Gladiator on Apr 4, 2019.
             Slain by a hound (5 damage)
             ... on level 2 of the Dungeon.
             The game lasted 00:01:03 (819 turns).

Borgoz the Ducker (Ghoul Gladiator)                  Turns: 819, Time: 00:01:03

Health: -1/30      AC:  4    Str: 17    XL:     3   Next: 72%
Magic:  2/2        EV: 12    Int:  3    God:
Gold:   38         SH:  0    Dex: 11    Spells: 2/2 levels left

rFire    . . .     SeeInvis +   a - +0 rapier
rCold    + . .     Gourm    .   (no shield)
rNeg     + + +     Faith    .   b - +0 leather armour
rPois    ∞         Spirit   .   c - +0 helmet
rElec    .         Reflect  .   (no cloak)
rCorr    .         Harm     .   (no gloves)
MR       .....                  (no boots)
Stlth    +.........             (no amulet)
HPRegen  0.00/turn              h - ring of see invisible
MPRegen  0.08/turn              (no ring)

@: rotting
A: rotting body, claws 1, carnivore, cold resistance 1, negative energy
resistance 3, inhibited regeneration, torment resistance, unbreathing
a: no special abilities


You were on level 2 of the Dungeon.
You were not hungry.

You visited 1 branch of the dungeon, and saw 2 of its levels.

You collected 38 gold pieces.

Inventory:

Hand Weapons
 a - a +0 rapier (weapon)
Missiles
 d - 3 throwing nets (quivered)
Armour
 b - a +0 leather armour (worn)
 c - a +0 helmet (worn)
Jewellery
 h - a ring of see invisible (left claw)
Scrolls
 e - a scroll of amnesia {unknown}
 i - a scroll of magic mapping {unknown}
 l - a scroll of enchant armour {unknown}
 m - a scroll of remove curse {unknown}
Potions
 j - a potion of heal wounds {unknown}
 k - a potion of haste {unknown}
Comestibles
 f - 2 rations
 g - a chunk of flesh


   Skills:
 + Level 2.5 Fighting
 * Level 3.0 Short Blades
 - Level 1.7 Throwing
 * Level 1.3 Armour
 * Level 3.2 Dodging
 + Level 0.8 Stealth


You had 2 spell levels left.
You didn't know any spells.
Your spell library was empty.

Dungeon Overview and Level Annotations

Branches:
Dungeon (2/15)

Altars:


Innate Abilities, Weirdness & Mutations

Your body is rotting away.
You thrive on raw meat.
You are immune to poison.
You have sharp fingernails.
You are carnivorous and can eat meat at any time.
Your flesh is cold resistant. (rC+)
You are immune to negative energy. (rN+++)
You do not regenerate when monsters are visible.
You are immune to unholy pain and torment.
You can survive without breathing.


Message History

You are too injured to fight recklessly!
You are too injured to fight recklessly!
You are too injured to fight recklessly!
The hound bites you. The adder bites you. The hound barely misses you.
The adder bites you.
* * * LOW HITPOINT WARNING * * *
The adder bites you but does no damage.
You see here 6 gold pieces.
The hound bites you but does no damage.
The hound stops to sniff the ground.
You hit the hound but do no damage. The hound closely misses you.
The hound bites you.
* * * LOW HITPOINT WARNING * * *
You closely miss the hound. The hound barely misses you.
You hit the hound.
The hound is lightly wounded.
The hound bites you.
* * * LOW HITPOINT WARNING * * *
The hound bites you.
You die...

#....# #..#.# #....# .
#..![ ... #..###..##
###........# #KS..†......
#h#....##... #@#........
#.###..#....
##########.###..###.#
#######.................
#
........|.#####.#########
##.###..#.# #..# #.#
#..#.# #.## #.###.##.# #.
#.....##.# #.


You could see a hound, an adder and a kobold.

Vanquished Creatures
  An adder (D:2)
  2 oozes (D:1)
  A dart slug (D:1)
  3 giant cockroaches
  2 goblins (D:1)
  5 hobgoblins (D:1)
  4 jackals (D:1)
  A ball python (D:1)
  2 frilled lizards (D:1)
  2 kobolds (D:1)
  3 rats (D:1)
26 creatures vanquished.

Notes
Turn   | Place    | Note
-------+----------+-------------------------------------------
     0 | D:1      | Borgoz the Ghoul Gladiator began the quest for the Orb.
     0 | D:1      | Reached XP level 1. HP: 17/17 MP: 0/0
   262 | D:1      | Reached XP level 2. HP: 24/24 MP: 1/1
   444 | D:1      | Reached skill level 1 in Armour
   444 | D:1      | Reached XP level 3. HP: 26/30 MP: 2/2
   819 | D:2      | Slain by a hound

Skill      XL: |  1  2 |
---------------+-------+-----
Dodging        | 3 |  3.2
Short Blades   | 3 |  3.0
Armour         | 1 |  1.3
Fighting       | |  2.5
Throwing       | |  1.7
Stealth        | |  0.8

Action                   || total
-------------------------++-------
Melee: Rapier            ||   123
  Eat: Chunk             ||     1
Armor: Leather armour    ||    32
Dodge: Dodged            ||    91
